 Dungeon Crawl Stone Soup version 0.20.0-4-g10b340a (webtiles) character file.

870 Inarius the Stinger (level 7, -5/53 HPs)
             Began as a Green Draconian Venom Mage on May 27, 2017.
             Shot with an arrow by a centaur (10 damage)
             ... on level 5 of the Dungeon.
             The game lasted 00:23:24 (6320 turns).

Inarius the Stinger (Green Draconian Venom Mage)    Turns: 6320, Time: 00:23:25

Health: -5/53      AC:  7    Str: 11    XL:     7   Next: 73%
Magic:  13/13      EV: 13    Int: 21    God:
Gold:   242        SH:  0    Dex: 11    Spells: 1/14 levels left

rFire    + . .     SeeInvis .   h - +0 mace (venom)
rCold    x . .     Gourm    .   (no shield)
rNeg     . . .     Faith    .   (armour unavailable)
rPois    +         Spirit   .   (helmet restricted)
rElec    .         Reflect  .   (no cloak)
rCorr    .         Harm     .   (no gloves)
MR       .....                  m - +0 pair of boots
Stlth    ++........             (no amulet)
Regen    0.2/turn               g - ring of fire
MPRegen  0.2/turn               o - +4 ring of intelligence

@: slowed, very slow
A: breathe noxious fumes, unfitting armour, poison resistance, cold-blooded, AC
+6
a: Breathe Noxious Fumes


You were on level 5 of the Dungeon.
You were not hungry.

You visited 1 branch of the dungeon, and saw 5 of its levels.

You collected 242 gold pieces.

Inventory:

Hand Weapons
 h - a +0 mace of venom (weapon)
Armour
 m - a +0 pair of boots (worn)
Jewellery
 g - a ring of fire (left hand)
 o - a +4 ring of intelligence (right hand)
 p - an uncursed ring of fire
Scrolls
 e - 2 scrolls of immolation {unknown}
 j - a scroll of magic mapping
 s - 2 scrolls of remove curse
 v - a scroll of blinking {unknown}
Potions
 c - a potion of magic
 d - 2 potions of brilliance {unknown}
 i - a potion of lignification
 k - 2 potions of might {unknown}
 l - a potion of cancellation
 t - a potion of resistance
 u - a potion of curing
Books
 a - a Young Poisoner's Handbook

   Spells                             Type                      Level
   a - Sting                          Conjuration/Poison           1
   b - Poisonous Vapours              Poison/Air                   2
   c - Mephitic Cloud                 Conjuration/Poison/Air       3
   d - Olgreb's Toxic Radiance        Poison                       4
   e - Venom Bolt                     Conjuration/Poison           5
 r - a book of Conjurations

   Spells                             Type                      Level
   a - Magic Dart                     Conjuration                  1
   b - Searing Ray                    Conjuration                  2
   c - Dazzling Spray                 Conjuration/Hexes            3
   d - Fulminant Prism                Conjuration/Hexes            4
   e - Force Lance                    Conjuration/Translocation    4
   f - Iskenderun's Mystic Blast      Conjuration                  4
Comestibles
 b - 2 bread rations
 f - 5 meat rations
 n - a royal jelly


   Skills:
 + Level 1.9 Fighting
   Level 0.6 Short Blades
 - Level 0.2 Maces & Flails
 + Level 2.9 Dodging
 - Level 1.7 Stealth
 + Level 4.2 Spellcasting
 * Level 3.9 Conjurations
 * Level 3.3 Air Magic
 + Level 6.2 Poison Magic


You had one spell level left.
You knew the following spells:

 Your Spells              Type           Power        Failure   Level  Hunger
a - Sting                 Conj/Pois      ####         1%          1    None
b - Poisonous Vapours     Pois/Air       ###...       2%          2    #......
c - Olgreb's Toxic Radia  Pois           ####....     9%          4    ####...
d - Venom Bolt            Conj/Pois      ####......   36%         5    ######.
e - Magic Dart            Conj           ###.         2%          1    None


Dungeon Overview and Level Annotations

Branches:
Dungeon (5/15)
 Temple: D:4-7

Altars:
Elyvilon
Okawaru
Yredelemnul


Innate Abilities, Weirdness & Mutations

You can breathe blasts of noxious fumes.
Your lurid green scales are hard. (AC +6)
You cannot fit into any form of body armour.
Your system is resistant to poisons. (rPois)
You are cold-blooded and may be slowed by cold attacks.


Message History

HP restored.
A centaur comes into view.
The centaur shouts!
The centaur wields a runed shortbow.
It is covered in frost.
The centaur shoots an arrow.
The arrow hits you.
You feel yourself slow down. The arrow freezes you.
A hound and a phantom come into view.
The centaur shoots an arrow.
The arrow hits you! The arrow freezes you.
The hound barks!
The phantom moves out of view.
The centaur shoots an arrow.
The arrow closely misses you.
You see here an arrow.
You feel yourself speed up.
The centaur shoots an arrow.
The arrow hits you! The arrow freezes you!
A black bear comes into view.
You see here an arrow.
The centaur shoots an arrow.
The arrow hits you!
* * * LOW HITPOINT WARNING * * *
You feel yourself slow down. The arrow freezes you!
You die...

# ..#
###.###.#
....(.#.##
#.......#
#......<#
#.##.##.#
#..#.#
##.#.#
###.###.#@#
.......((.#
#...#....##
. #?#...#
#..h#..#
........#
#...#....#
...#.#c.##
h# ..#.#


You could see a centaur and a hound.

Vanquished Creatures
  A phantom (D:4)
  An ogre (D:4)
  A centaur (D:3)
  Blork the orc (D:3)
  A scorpion (D:4)
  A crimson imp (D:3)
  2 hounds (D:4)
  An orc priest (D:4)
  2 orc wizards (D:4)
  A centaur skeleton (D:5)
  2 iguanas (D:4)
  A worker ant (D:4)
  9 adders
  A shadow imp (D:4)
  2 oozes
  A worm (D:4)
  4 dart slugs
  3 leopard geckos
  8 orcs
  A ball python (D:4)
  11 bats
  6 giant cockroaches
  8 hobgoblins
  5 jackals
  6 kobolds
  A quokka (D:4)
  8 frilled lizards
  7 goblins
  A quokka skeleton (D:4)
  13 rats
  A spectral orc (D:4)
111 creatures vanquished.

Notes
Turn   | Place    | Note
-------+----------+-------------------------------------------
     0 | D:1      | Inarius the Draconian Venom Mage began the quest for the Orb.
     0 | D:1      | Reached XP level 1. HP: 14/14 MP: 3/3
   330 | D:1      | Reached XP level 2. HP: 11/20 MP: 3/5
   900 | D:1      | Learned a level 2 spell: Poisonous Vapours
   933 | D:1      | HP: 1/20 [hobgoblin/club (3)]
   939 | D:1      | Reached XP level 3. HP: 2/26 MP: 0/6
  2227 | D:2      | Reached XP level 4. HP: 28/34 MP: 6/8
  2720 | D:2      | Reached skill level 1 in Air Magic
  2847 | D:3      | Noticed a centaur
  2856 | D:3      | Killed a centaur
  2856 | D:3      | Reached skill level 4 in Poison Magic
  2856 | D:3      | Reached XP level 5. HP: 27/39 MP: 0/9
  2973 | D:2      | Learned a level 4 spell: Olgreb's Toxic Radiance
  3245 | D:3      | Found a white marble altar of Elyvilon.
  4003 | D:3      | Reached skill level 1 in Fighting
  4003 | D:3      | Reached XP level 6. HP: 45/47 MP: 10/10
  4375 | D:4      | Noticed Blork the orc
  4581 | D:2      | Found an iron altar of Okawaru.
  4601 | D:3      | Killed Blork the orc
  4898 | D:4      | Your scales start taking on a lurid green colour.
  4898 | D:4      | Reached skill level 5 in Poison Magic
  4898 | D:4      | Reached XP level 7. HP: 51/52 MP: 0/12
  4898 | D:4      | Gained mutation: Your system is resistant to poisons. (rPois) [Green Draconian growth]
  5003 | D:4      | Learned a level 5 spell: Venom Bolt
  5181 | D:4      | Learned a level 1 spell: Magic Dart
  5672 | D:4      | Reached skill level 6 in Poison Magic
  5918 | D:4      | Found a basalt altar of Yredelemnul.
  6240 | D:5      | Entered Level 5 of the Dungeon
  6320 | D:5      | Shot with an arrow by a centaur

Skill      XL: |  1  2  3  4  5  6  7 |
---------------+----------------------+-----
Dodging        | 2 |  2.9
Conjurations   | 2 3 |  3.9
Air Magic      | 1 2 3 |  3.3
Spellcasting   | 3 4 |  4.2
Poison Magic   | 4 5 6 |  6.2
Fighting       | 1 |  1.9
Short Blades   | |  0.6
Maces & Flails | |  0.2
Stealth        | |  1.7

Action                   |  1- 3 |  4- 6 |  7- 9 || total
-------------------------+-------+-------+-------++-------
Melee: Unarmed           |    26 |       |       ||    26
       Club              |    98 |       |       ||    98
       Tailslap          |    14 |    16 |     8 ||    38
       Dagger            |    20 |   157 |       ||   177
       Flail             |       |     7 |       ||     7
       Mace              |       |    22 |    28 ||    50
 Cast: Sting             |    71 |    74 |    22 ||   167
       Poisonous Vapours |       |    24 |    13 ||    37
       Olgreb's Toxic Ra |       |     3 |       ||     3
       Magic Dart        |       |       |    32 ||    32
 Abil: Breathe Noxious F |       |       |     1 ||     1
  Use: Scroll            |     4 |       |     2 ||     6
       Potion            |     4 |       |       ||     4
  Eat: Chunk             |     5 |    10 |     4 ||    19
       Bread ration      |       |       |     1 ||     1
Armor: Skin              |    49 |    76 |    12 ||   137
Dodge: Dodged            |   112 |   128 |    31 ||   271
